 Seeded DCSS version 0.27-a0-1565-gad902ab807 (webtiles) character file.

Game seed: 20210716 (custom seed)

2 Sopht the Slasher (level 1, -5/14 HPs)
             Began as a Tengu Berserker on July 16, 2021.
             Was a Follower of Trog.
             Slain by a gnoll (6 damage)
             ... on level 1 of the Dungeon.
             The game lasted 00:00:39 (186 turns).

Sopht the Slasher (Tengu Berserker)                  Turns: 186, Time: 00:00:39

Health: -5/14      AC:  2    Str: 17    XL:     1   Next: 40%
Magic:  2/2        EV: 12    Int:  7    God:    Trog [*.....]
Gold:   14         SH:  0    Dex: 13    Spells: 0/0 levels left

rFire    . . .     SeeInvis .   a - +0 falchion
rCold    . . .     Faith    .   (no shield)
rNeg     . . .     Spirit   .   b - +0 animal skin
rPois    .         Reflect  .   (helmet restricted)
rElec    .         Harm     .   (no cloak)
rCorr    .         Rampage  .   (no gloves)
Will     .....                  (boots unavailable)
Stlth    +.........             (no amulet)
HPRegen  0.04/turn              (no ring)
MPRegen  0.08/turn              (no ring)

@: no status effects
A: beak, talons 3
a: Renounce Religion, Berserk


You were on level 1 of the Dungeon.
You worshipped Trog.
Trog was aware of your devotion.
You visited 1 branch of the dungeon, and saw 1 of its levels.

You collected 14 gold pieces.

Inventory:

Hand Weapons
 a - a +0 falchion (weapon)
Armour
 b - a +0 animal skin (worn)
Potions
 c - 2 potions of heal wounds {unknown}
 d - a potion of berserk rage {unknown}


   Skills:
 + Level 3.0 Fighting
 + Level 3.3 Long Blades
 + Level 2.2 Armour
 + Level 2.2 Dodging


You couldn't memorise any spells.
You didn't know any spells.
Your spell library was empty.

Dungeon Overview and Level Annotations

Branches:
Dungeon (1/15)

Altars:


Innate Abilities, Weirdness & Mutations

You have a beak for a mouth.
You have claws for feet.


Message History

You now have 14 gold pieces (gained 9).
A ball python comes into view.
The ball python hisses angrily.
You closely miss the ball python.
The ball python bites you but does no damage.
The ball python closely misses you.
You hit the ball python.
You kill the ball python!
Trog accepts your kill.
You see here a ball python corpse.
A frilled lizard comes into view.
The frilled lizard hisses angrily.
The frilled lizard bites you.
You miss the frilled lizard. The frilled lizard bites you.
You hit the frilled lizard.
You kill the frilled lizard!
Trog accepts your kill.
You see here a frilled lizard corpse.
HP restored.
A gnoll comes into view. It is wielding a +0 spear.
You fail to use your ability.
The gnoll shouts!
The gnoll barely misses you.
You hit the gnoll. You claw the gnoll, but do no damage.
The gnoll is moderately wounded.
The gnoll barely misses you.
You hit the gnoll.
The gnoll is heavily wounded.
The gnoll closely misses you. The gnoll hits you with a +0 spear.
You barely miss the gnoll.
The gnoll is heavily wounded.
The gnoll hits you with a +0 spear.
You hit the gnoll. You claw the gnoll.
The gnoll is severely wounded.
The gnoll hits you with a +0 spear.
* * * LOW HITPOINT WARNING * * *
You barely miss the gnoll.
The gnoll is severely wounded.
The gnoll hits you with a +0 spear.
You die...

. .######### .....##.. ..
###... # #..#.##.# ######## .
...... #.#..#.##.# #......# .
..... ..#....#.##.###.####.#
###...###......g#.##..†....##.#
#......>#.......@......#.#.##.#
#.......#......##.####.#.#.##.#
...........#.. #... #.#.#.##.#
....#....).#. ####.#.#.#....#
...........## #.#...####
#.......# ..# #.###.#
#<......#...# #.# #.#
###...###...# #†# ...........#
#.###.####


You could see a gnoll.

Vanquished Creatures
  A bat (D:1)
  A ball python (D:1)
  A frilled lizard (D:1)
3 creatures vanquished.

Notes
Turn   | Place    | Note
-------+----------+-------------------------------------------
     0 | D:1      | Sopht the Tengu Berserker began the quest for the Orb.
     0 | D:1      | Reached XP level 1. HP: 14/14 MP: 2/2
   186 | D:1      | Slain by a gnoll

Illustrated notes

Levels and vault maps discovered:
D:1:      minmay_arrival_open_corners, layout_basic, serial_shops, shop,
          corexii_leaking_fountain, minmay_hexomino_f4

Action                   || total
-------------------------++-------
Melee: Falchion          ||    12
       Kick              ||     2
       Peck              ||     1
Armor: Animal skin       ||     3
Dodge: Dodged            ||     9
       Rpst.: Falchion   ||     3

Table legend: (Time is in decaauts)
 A = Elapsed time spent in this place.
 B = Non-inter-level travel time spent in this place.
 C = Inter-level travel time spent in this place.
 D = Time resting spent in this place.
 E = Time spent auto-exploring this place.
 F = Levels seen in this place.
 G = Mean time per level.
                   A        B        C        D        E       F      G
               +--------+--------+--------+--------+--------+-----+--------+
         Total |    187 |    187 |      0 |      0 |    129 |   1 |  187.0 |
       Dungeon |    187 |    187 |      0 |      0 |    129 |   1 |  187.0 |
               +--------+--------+--------+--------+--------+-----+--------+

Top non-repeatable levels by time:
     D:1: 187 daAuts
